 Dungeon Crawl Stone Soup version 0.31-a0-187-gba352fbbf7 (webtiles) character file.

Game seed: 8877223157727834680

95 qw the Shooter (level 4, -1/25 HPs)
             Began as a Deep Elf Hunter on June 22, 2023.
             Slain by a gnoll
             ... wielding a +0 spear
              (10 damage)
             ... on level 2 of the Dungeon.
             The game lasted 00:00:26 (1132 turns).

qw the Shooter (Deep Elf Hunter)                    Turns: 1132, Time: 00:00:27

Health: -1/25      AC:  3    Str: 10    XL:     4   Next: 40%
Magic:  6/6        EV: 12    Int: 14    God:
Gold:   35         SH:  0    Dex: 18    Spells: 3/3 levels left

rFire   . . .        Y - +0 shortbow
rCold   . . .        (shield currently unavailable)
rNeg    . . .        c - +0 leather armour
rPois   .            (no helmet)
rElec   .            (no cloak)
rCorr   .            (no gloves)
SInv    .            (no boots)
Will    .....        (no amulet)
Stlth   ++           (no ring)
HPRegen 0.24/turn    (no ring)
MPRegen 0.10/turn

%: no passive effects
@: no status effects
A: no striking features
a: no special abilities


You were on level 2 of the Dungeon.
You visited 1 branch of the dungeon, and saw 2 of its levels.

You collected 35 gold pieces.


   Skills:
 - Level 1.5 Fighting
 + Level 7.8 Ranged Weapons
 - Level 2.4 Dodging
 - Level 1.2 Stealth


You had 3 spell levels left.
You didn't know any spells.
Your spell library was empty.

Inventory:

Hand Weapons
 Y - a +0 shortbow (weapon)
Armour
 c - a +0 leather armour (worn)
Scrolls
 a - a scroll of blinking {unknown}
 b - a scroll of revelation {unknown}

Dungeon Overview and Level Annotations

Branches:
Dungeon (2/15)

Altars:


Message History

Enter note:
Enter note:
Enter note: You shoot an arrow.
The arrow hits the gnoll.
The gnoll shouts!
The gnoll is moderately wounded.
The gnoll shouts!
You hear a shout!
You shoot an arrow. The arrow hits the gnoll.
The gnoll is moderately wounded.
You hear a shout!
A hobgoblin comes into view.
A gnoll comes into view. It is wielding a +0 spear.
You shoot an arrow. The gnoll shouts!
The arrow hits the gnoll.
The gnoll is severely wounded.
A gnoll comes into view. It is wielding a +0 spear.
1122 ||| Stepping ~*~*~tactically~*~*~ (outnumbered).
1124 ||| Stepping ~*~*~tactically~*~*~ (outnumbered).
1126 ||| Stepping ~*~*~tactically~*~*~ (outnumbered).
You shoot an arrow. The arrow hits the gnoll.
The gnoll is almost dead.
You shoot an arrow. The arrow hits the gnoll!
You kill the gnoll!
The gnoll closely misses you.
You shoot an arrow. The arrow barely misses the gnoll.
The arrow closely misses the gnoll.
The gnoll hits you from afar with a +0 spear.
The gnoll misses you.
You shoot an arrow. The arrow hits the gnoll!
You kill the gnoll!
The gnoll hits you from afar with a +0 spear.
You shoot an arrow. The arrow closely misses the gnoll. x2
The gnoll hits you from afar with a +0 spear.
You shoot an arrow. The arrow hits the hobgoblin.
The hobgoblin is moderately wounded.
The gnoll hits you from afar with a +0 spear.
The hobgoblin hits you but does no damage.
The gnoll hits you from afar with a +0 spear!
You die...

.#.# .#.#
?.. #.###
g.# #....
.g# #.# #
..# #.#
#########g.#
#.#
#......@gg.#
#.#
#.########.#
#.### ###.#
# #....
#...# #.###
#.### #.# #
#.# #.# #
#.# #.# # .#
#.# ##.###
.# #.#
#.....


You could see 2 gnolls and a hobgoblin.

Vanquished Creatures
  Jessica (D:2)
  2 gnolls (D:2)
  An adder (D:2)
  A worm (D:2)
  A dart slug (D:2)
  3 ball pythons
  4 bats
  4 endoplasms
  3 giant cockroaches (D:2)
  2 goblins (D:1)
  4 hobgoblins (D:2)
  3 kobolds
  3 frilled lizards
  3 rats
35 creatures vanquished.

Notes
Turn   | Place    | Note
-------+----------+-------------------------------------------
     0 | D:1      | qw the Deep Elf Hunter began the quest for the Orb.
     0 | D:1      | Reached XP level 1. HP: 12/12 MP: 3/3
     0 | D:1      | 0 ||| qw: Version: 0.3-a-9-g12657ce
     0 | D:1      | 0 ||| qw: Game counter: 2567
     0 | D:1      | 0 ||| qw: Always use a shield: true
     0 | D:1      | 0 ||| qw: God list: Okawaru
     0 | D:1      | 0 ||| qw: Allow faded altars: false
     0 | D:1      | 0 ||| qw: Do Orc after D:15 true
     0 | D:1      | 0 ||| qw: Do second Lair branch before Depths: true
     0 | D:1      | 0 ||| qw: Lair rune preference: random
     0 | D:1      | 0 ||| qw: Plans: Normal
     0 | D:1      | 0 ||| PLANNING D:1-11
    31 | D:1      | You fall into a shaft and drop 1 floor!
    68 | D:2      | 68 ||| READING scroll labelled DIEGUCSEFE.
    69 | D:2      | 69 ||| READING scroll labelled HENEAHE IFOFI.
    70 | D:2      | 70 ||| DROPPING scroll of butterflies.
    72 | D:2      | 72 ||| FLEEEEING.
    77 | D:2      | 77 ||| FLEEEEING.
    78 | D:2      | 78 ||| STAIRDANCE
    96 | D:1      | Reached skill level 6 in Ranged Weapons
    96 | D:1      | Reached XP level 2. HP: 16/16 MP: 4/4
   421 | D:1      | 421 ||| Stepping ~*~*~tactically~*~*~ (water).
   555 | D:1      | 555 ||| READING scroll labelled YCUGGA EZOIPLU.
   556 | D:1      | 556 ||| READING scroll labelled UKUXZU BEQUTZ.
   560 | D:1      | 560 ||| READING scroll labelled TAIC INYAD.
   561 | D:1      | 561 ||| READING scroll labelled FYFETEMUFFI.
   562 | D:1      | 562 ||| READING scroll labelled EVOSER TIAS.
   703 | D:2      | Reached XP level 3. HP: 20/20 MP: 5/5
   951 | D:2      | Noticed Jessica
   952 | D:2      | Killed Jessica
   953 | D:2      | Reached skill level 7 in Ranged Weapons
   953 | D:2      | Reached XP level 4. HP: 25/25 MP: 6/6
  1122 | D:2      | 1122 ||| Stepping ~*~*~tactically~*~*~ (outnumbered).
  1124 | D:2      | 1124 ||| Stepping ~*~*~tactically~*~*~ (outnumbered).
  1126 | D:2      | 1126 ||| Stepping ~*~*~tactically~*~*~ (outnumbered).
  1132 | D:2      | Slain by a gnoll

Levels and vault maps discovered:
D:1:      amcnicky_arrival_flooded_fountain, layout_loops_ring,
          serial_bayou_lake_a
D:2:      layout_loops_ring, corexii_item_surrounded_by_moat, uniq_jessica

Skill      XL: |  1  2  3 |
---------------+----------+-----
Ranged Weapons | 6 7 |  7.8
Fighting       | |  1.5
Dodging        | |  2.4
Stealth        | |  1.2

Action                     |  1- 3 |  4- 6 || total
---------------------------+-------+-------++-------
   Fire: Shortbow          |    73 |    17 ||    90
    Use: Scroll            |     7 |       ||     7
 Armour: Leather armour    |     4 |     1 ||     5
  Dodge: Dodged            |    20 |     4 ||    24

Table legend:
 A = Non-vault XP
 B = Vault XP
 C = Vault XP percentage of total XP
 D = Non-vault monster count
 E = Vault monster count
 F = Vault count percentage of total count
                 A         B        C        D         E       F
            +---------+---------+-------+---------+---------+-------
      Total |     100 |      37 |  27.0 |      34 |       1 |   2.9
            +---------+---------+-------+---------+---------+-------
        D:1 |      22 |       0 |   0.0 |      14 |       0 |   0.0
        D:2 |      78 |      37 |  32.2 |      20 |       1 |   4.8
            +---------+---------+-------+---------+---------+-------
